 Dungeon Crawl Stone Soup version 0.17.2-1-ge4368a0 (webtiles) character file.

99 Goblin1989 the Sneak (level 4, 0/35 HPs)
             Began as a Demonspawn Assassin on Nov 29, 2017.
             Succumbed to an orc wizard's poison
             ... on level 3 of the Dungeon.
             The game lasted 00:03:57 (1746 turns).

Goblin1989 the Sneak (Demonspawn Assassin)          Turns: 1746, Time: 00:03:57

Health: 0/35       AC:  8    Str: 12    XL:     4   Next: 45%
Magic:  4/4        EV: 11    Int: 13    God:
Gold:   67         SH:  0    Dex: 14    Spells: 0 memorised, 3 levels left

rFire  . . .     SeeInvis .     p - +1 dagger (venom)
rCold  . . .     Clarity  .     c - +0 robe
rNeg   . . .     SustAt   .     (no shield)
rPois  .         Gourm    .     (no helmet)
rElec  .         Spirit   .     d - +1 cloak
rCorr  .         Warding  .     (no gloves)
rMut   .         Stasis   .     (no boots)
MR     .....                    (no amulet)
Stlth  ++........               (no ring)
                                (no ring)

@: lethally poisoned (0 -> -2), not resistant to hostile enchantments,
unstealthy
A: claws 2, iridescent scales 1
a: no special abilities


You were on level 3 of the Dungeon.
You were very hungry.

You visited 1 branch of the dungeon, and saw 3 of its levels.

You collected 67 gold pieces.

Inventory:

Hand Weapons
 a - a +2 dagger
 m - a +1 short sword of draining
 p - a +1 dagger of venom (weapon)
 w - a +0 blowgun {@w1}
Missiles
 f - 2 curare-tipped needles
 g - 8 poisoned needles
Armour
 c - a +0 robe (worn)
 d - a +1 cloak (worn)
Jewellery
 n - a ring of protection from fire {unknown}
Scrolls
 i - a scroll of recharging
 o - a scroll of amnesia
Potions
 b - a potion of cure mutation {!q}
Comestibles
 e - 2 bread rations {@e1}
 j - 2 chunks of flesh
 l - a meat ration {@e2}


   Skills:
 - Level 3.5 Fighting
 - Level 1.7 Short Blades
 - Level 1.7 Throwing
 - Level 0.8 Dodging
 - Level 3.6 Stealth
 + Level 2.6 Unarmed Combat


You had 3 spell levels left.
You didn't know any spells.

Dungeon Overview and Level Annotations

Branches:
Dungeon (3/15)

Altars:


Innate Abilities, Weirdness & Mutations

You have very sharp fingernails.
You are partially covered in iridescent scales (AC +4).


Message History

Your fingernails sharpen.
You regained 5 hp, and now have 33/35 hp.
MP restored: 4 You hit the orc but do no damage.
The orc hits you with a hand axe.
You take 3 damage, and have 30/35 hp.
You hit the orc wizard.
The orc wizard is heavily wounded.
The orc wizard points at you and mumbles some strange words.
The magic dart hits you!
You take 3 damage, and have 27/35 hp.
You closely miss the orc wizard.
The orc wizard is heavily wounded.
The orc hits you with a hand axe.
The orc wizard hits you with a dagger of venom.
You are poisoned.
You take 5 damage, and have 22/35 hp.
You hit the orc wizard.
The orc wizard is severely wounded.
You feel sick. The orc hits you with a hand axe!
* * * LOW HITPOINT WARNING * * *
You are too injured to fight recklessly!
You take 9 damage, and have 13/35 hp.
O_OOPS!!
MASSIVE DAMAGE!!
You are too injured to fight recklessly!
You are too injured to fight recklessly!
You are too injured to fight recklessly!
You are too injured to fight recklessly!
You are too injured to fight recklessly!
You are too injured to fight recklessly!
You are too injured to fight recklessly!
You are too injured to fight recklessly!
You are too injured to fight recklessly!
You are too injured to fight recklessly!
You are too injured to fight recklessly!
You are too injured to fight recklessly!
You are too injured to fight recklessly!
You are too injured to fight recklessly!
You are too injured to fight recklessly!
You are too injured to fight recklessly!
You are too injured to fight recklessly!
You are too injured to fight recklessly!
Unknown command.
You hit the orc wizard.
The orc wizard is almost dead.
The orc wizard points at you and mumbles some strange words.
The magic dart hits you!
* * * LOW HITPOINT WARNING * * *
The orc hits you with a hand axe.
* * * LOW HITPOINT WARNING * * *
You take 2 damage, and have 11/35 hp.
You hit the orc wizard.
You kill the orc wizard!
You feel sick.
Unknown command.
Things that are here:
a dagger of venom; a robe
p - a dagger of venom The orc hits you with a hand axe.
* * * LOW HITPOINT WARNING * * *
You take 4 damage, and have 7/35 hp.
Wield which item (- for none, * to show all)? (? for menu, Esc to quit)
It begins to drip with poison!
p - a +1 dagger of venom (weapon)
You feel sick. The orc hits you with a hand axe.
* * * LOW HITPOINT WARNING * * *
You take 4 damage, and have 3/35 hp.
You hit the orc but do no damage. The orc hits you with a hand axe.
* * * LOW HITPOINT WARNING * * *
You take 1 damage, and have 2/35 hp.
Drink which item? (? for menu, Esc to quit)
It was a potion of cure mutation.
It has a very clean taste.
Unknown command.
Unknown command.
* * * LOW HITPOINT WARNING * * *
You feel sick. The orc barely misses you.
You take 1 damage, and have 1/35 hp.
You are feeling very hungry.
Read which item? (? for menu, Esc to quit)
As you read the scroll labeled HEXYIXYSCHOI, it crumbles to dust.
It is a scroll of enchant armour.
Enchant which item? (? for menu, Esc to quit)
Your +0 cloak glows green for a moment.
* * * LOW HITPOINT WARNING * * *
You feel sick.
Read which item? (? for menu, Esc to quit)
As you read the scroll labeled GAEGO ZISKO, it crumbles to dust.
You feel forgetful for a moment.
It was a scroll of amnesia.
The orc hits you but does no damage.
Unknown command.
Read which item? (? for menu, Esc to quit)
As you read the scroll labeled HIMILIX JAGETU, it crumbles to dust.
It is a scroll of recharging.
You aren't carrying any rechargeable items.
The orc barely misses you.
Read which item? (? for menu, Esc to quit)
As you read the scroll labeled YLOEJY ECAW, it crumbles to dust.
The scroll dissolves into smoke.
It was a scroll of fog.
The orc hits you but does no damage.
You hit the orc but do no damage. The orc hits you but does no damage.
You closely miss the orc.
You die... ██████████████████

█§§.[.)...........
█o███████████.....
█@█ ..█ █§█████ █
██§§...█ █∆.....█
█████.....█
█...∆.<...█
█████.....█


███████ You could see an orc.

Vanquished Creatures
  An orc wizard (D:3)
  2 adders (D:2)
  2 gnolls (D:3)
  A worm (D:3)
  A giant gecko (D:2)
  An orc (D:3)
  A goblin (D:1)
  4 hobgoblins
  A quokka (D:2)
  A ball python (D:2)
  5 bats
  A giant cockroach (D:2)
  2 giant newts (D:2)
  3 kobolds (D:2)
  3 rats
29 creatures vanquished.

Notes
Turn   | Place    | Note
--------------------------------------------------------------
     0 | D:1      | Goblin1989 the Demonspawn Assassin began the quest for the Orb.
     0 | D:1      | Reached XP level 1. HP: 16/16 MP: 1/1
   553 | D:2      | Gained mutation: You are partially covered in iridescent scales (AC +4). [demonic ancestry]
   553 | D:2      | Reached XP level 2. HP: 23/23 MP: 2/2
   972 | D:2      | Gained mutation: You have sharp fingernails. [demonic ancestry]
   972 | D:2      | Reached XP level 3. HP: 29/29 MP: 3/3
  1350 | D:3      | Reached skill level 1 in Unarmed Combat
  1725 | D:3      | Gained mutation: You have very sharp fingernails. [demonic ancestry]
  1725 | D:3      | Reached XP level 4. HP: 33/35 MP: 4/4
  1737 | D:3      | HP: 1/35 [poisoned by an orc wizard]
  1746 | D:3      | Succumbed to an orc wizard's poison

Action                   |  1- 3 |  4- 6 || total
-------------------------+-------+-------++-------
Melee: Dagger            |    47 |     9 ||    56
       Short sword       |    25 |       ||    25
 Fire: Blowgun           |     1 |       ||     1
  Use: Scroll            |       |     4 ||     4
       Potion            |       |     1 ||     1
 Stab: Sleeping          |     8 |       ||     8
  Eat: Beef jerky        |     1 |       ||     1

Vault maps used:
D:1:      dpeg_arrival_arbitrary_c, minivault_14, minmay_ruptured
D:3:      kennysheep_vampire_church, grunt_temple_overflow_opulence
